 Dungeon Crawl Stone Soup version 0.25-a0-1119-g28b6fd0c3b (webtiles) character file.

Game seed: 7146631242049111084, levelgen mode: deterministic

1169 vurker the Ruffian (level 8, -12/78 HPs)
             Began as a Troll Hunter on May 18, 2020.
             Mangled by an orc warrior
             ... wielding a +0 scimitar
              (15 damage)
             ... on level 6 of the Dungeon.
             The game lasted 00:06:57 (3781 turns).

vurker the Ruffian (Troll Hunter)                   Turns: 3781, Time: 00:06:57

Health: -12/78     AC:  6    Str: 23    XL:     8   Next: 17%
Magic:  7/7        EV: 10    Int:  7    God:
Gold:   316        SH:  0    Dex: 10    Spells: 7/7 levels left

rFire    . . .     SeeInvis .     - Unarmed
rCold    . . .     Gourm    +   (no shield)
rNeg     . . .     Faith    .   b - +0 robe
rPois    .         Spirit   .   (helmet restricted)
rElec    .         Reflect  .   (no cloak)
rCorr    .         Harm     .   (gloves unavailable)
MR       .....                  (boots unavailable)
Stlth    +.........             (no amulet)
HPRegen  0.63/turn              (no ring)
MPRegen  0.10/turn              (no ring)

@: no status effects
A: large, unfitting armour, claws 3, fast metabolism 3, gourmand, regeneration
1, shaggy fur 1, tough skin 3
a: no special abilities


You were on level 6 of the Dungeon.
You were completely stuffed.

You visited 1 branch of the dungeon, and saw 6 of its levels.

You collected 316 gold pieces.

Inventory:

Missiles
 c - 2 large rocks (quivered)
 d - a throwing net
 t - 6 boomerangs
Armour
 b - a +0 robe (worn)
Jewellery
 h - an uncursed ring of ice
   (You found it on level 1 of the Dungeon)
Scrolls
 a - 3 scrolls of teleportation {unknown}
 g - a scroll of amnesia {unknown}
 i - a scroll of magic mapping {unknown}
 k - 9 scrolls of identify {unknown}
 l - 2 scrolls of fog {unknown}
 m - 2 scrolls of remove curse {unknown}
 o - a scroll of random uselessness {unknown}
 p - 3 scrolls of fear {unknown}
 s - a scroll of immolation {unknown}
 y - a scroll of noise {unknown}
Potions
 f - a potion of resistance {unknown}
 j - 2 potions of lignification {unknown}
 n - a potion of degeneration {unknown}
 q - 2 potions of curing {unknown}
 r - a potion of cancellation {unknown}
 u - a potion of brilliance {unknown}
 v - a potion of haste {unknown}
 w - a potion of stabbing {unknown}
Comestibles
 e - 10 rations
 x - 5 chunks of flesh


   Skills:
 + Level 4.2 Fighting
 + Level 5.7 Throwing
 - Level 1.5 Dodging
 - Level 0.3 Stealth
 * Level 6.8 Unarmed Combat


You had 7 spell levels left.
You didn't know any spells.
Your spell library was empty.

Dungeon Overview and Level Annotations

Branches:
Dungeon (6/15)
 Temple: D:4-7

Altars:
Dithmenos
Fedhas
Gozag
Kikubaaqudgha
Nemelex Xobeh
Ru
Sif Muna
Trog
Vehumet
The Shining One


Innate Abilities, Weirdness & Mutations

You are too large for most types of armour.
You have claws for hands.
Your metabolism is lightning-fast.
You like to eat raw meat.
Your natural rate of healing is unusually fast.
You are covered in fur. (AC +1)
You have extremely tough skin. (AC +3)


Message History

You throw a boomerang. The boomerang hits the orc warrior!
Throwing (i - inventory. (/) - cycle)
t - 7 boomerangs (quivered)
Aim: an orc warrior, wielding a +0 scimitar and wearing a +0 chain mail (heavily wounded)
You throw a boomerang.
The boomerang closely misses the orc warrior.
Throwing (i - inventory. (/) - cycle)
t - 6 boomerangs (quivered)
Aim: an orc warrior, wielding a +0 scimitar and wearing a +0 chain mail (heavily wounded)
You throw a boomerang.
The boomerang barely misses the orc warrior.
The boomerang barely misses the orc.
Throwing (i - inventory. (/) - cycle)
t - 6 boomerangs (quivered)
Aim: an orc warrior, wielding a +0 scimitar and wearing a +0 chain mail (heavily wounded)
You throw a boomerang.
The boomerang hits the orc warrior but does no damage.
Throwing (i - inventory. (/) - cycle)
t - 6 boomerangs (quivered)
Aim: an orc warrior, wielding a +0 scimitar and wearing a +0 chain mail (heavily wounded)
You throw a boomerang. The boomerang hits the orc warrior.
You scratch the orc warrior but do no damage.
The orc warrior hits you with a +0 scimitar!
You barely miss the orc warrior. The orc barely misses you.
The orc warrior hits you with a +0 scimitar!!
You closely miss the orc warrior.
Quiver which item? (- for none, * to show all) (? for menu, Esc to quit)
Quivering
c - 5 large rocks for throwing.
Throwing (i - inventory. (/) - cycle)
c - 5 large rocks (quivered)
Aim: an orc warrior, wielding a +0 scimitar and wearing a +0 chain mail (severely wounded)
You throw a large rock.
The large rock barely misses the orc warrior.
You hear a shout!
The orc splashes around in the water.
The orc warrior barely misses you. The orc barely misses you.
The orc warrior hits you with a +0 scimitar!!
* * * LOW HITPOINT WARNING * * *
Throwing (i - inventory. (/) - cycle)
c - 4 large rocks (quivered)
Aim: an orc warrior, wielding a +0 scimitar and wearing a +0 chain mail (severely wounded)
You throw a large rock.
The large rock barely misses the orc warrior.
The orc barely misses you.
The orc warrior hits you with a +0 scimitar!
* * * LOW HITPOINT WARNING * * *
The orc hits you but does no damage.
Throwing (i - inventory. (/) - cycle)
c - 3 large rocks (quivered)
Aim: an orc warrior, wielding a +0 scimitar and wearing a +0 chain mail (severely wounded)
You throw a large rock.
The large rock barely misses the orc warrior.
The orc warrior hits you with a +0 scimitar!
* * * LOW HITPOINT WARNING * * *
The orc splashes around in the water.
The orc warrior hits you with a +0 scimitar!
You die...

#≈. #≈ ..#
≈.♣#≈ ##≈.# #♣
..≈≈ .#..## #.≈
≈.≈ ..≈.. .
.♣.≈ .≈♣≈≈≈##..
.≈..≈#..≈≈.....
.≈≈....≈≈≈≈....
♣@≈≈...#
♣oo≈≈≈.##
≈≈≈...#..#
##.....# ...
......# #
....)..#
#..#.(...
####.(.##.


You could see an orc warrior and an orc.

Vanquished Creatures
  A hippogriff (D:5)
  Sigmund (D:2)
  An ogre (D:4)
  2 centaurs
  A water moccasin skeleton (D:5)
  A howler monkey (D:5)
  A bullfrog zombie (D:5)
  3 crimson imps (D:5)
  A hound (D:4)
  An orc wizard (D:4)
  A worker ant (D:4)
  2 hound skeletons
  Robin (D:3)
  6 adders
  A shadow imp (D:2)
  4 oozes
  An adder skeleton (D:5)
  3 worms
  4 dart slugs (D:1)
  15 orcs
  A ball python (D:1)
  13 bats
  7 giant cockroaches
  9 hobgoblins
  8 jackals
  10 kobolds
  3 quokkas
  6 frilled lizards
  17 goblins
  A quokka zombie (D:5)
  9 rats
135 creatures vanquished.

Notes
Turn   | Place    | Note
-------+----------+-------------------------------------------
     0 | D:1      | vurker the Troll Hunter began the quest for the Orb.
     0 | D:1      | Reached XP level 1. HP: 19/19 MP: 0/0
    41 | D:1      | Reached skill level 1 in Unarmed Combat
    79 | D:1      | Reached XP level 2. HP: 28/28 MP: 1/1
   659 | D:1      | Reached XP level 3. HP: 35/35 MP: 2/2
   736 | D:1      | Reached skill level 2 in Unarmed Combat
  1219 | D:2      | Reached XP level 4. HP: 42/42 MP: 3/3
  1234 | D:2      | Noticed Sigmund
  1236 | D:2      | Killed Sigmund
  1236 | D:2      | Reached skill level 3 in Unarmed Combat
  1236 | D:2      | Reached XP level 5. HP: 52/52 MP: 4/4
  1518 | D:2      | Reached skill level 4 in Unarmed Combat
  1728 | D:3      | Reached XP level 6. HP: 52/59 MP: 5/5
  1791 | D:3      | Noticed Robin
  1804 | D:3      | Killed Robin
  1909 | D:3      | Found a shimmering blue altar of Sif Muna.
  1979 | D:3      | Found a radiant altar of Vehumet.
  2073 | D:3      | Found an opulent altar of Gozag.
  2329 | D:4      | Found a blossoming altar of Fedhas.
  2576 | D:4      | Found a sparkling altar of Nemelex Xobeh.
  2764 | D:4      | Reached skill level 5 in Throwing
  2764 | D:4      | Reached skill level 5 in Unarmed Combat
  2764 | D:4      | Reached XP level 7. HP: 67/67 MP: 6/6
  3128 | D:5      | Entered Level 5 of the Dungeon
  3214 | D:5      | Noticed a hippogriff
  3224 | D:5      | Killed a hippogriff
  3224 | D:5      | Reached skill level 6 in Unarmed Combat
  3416 | D:5      | Reached XP level 8. HP: 74/78 MP: 7/7
  3443 | D:5      | Found a bloodstained altar of Trog.
  3507 | D:4      | Found a sacrificial altar of Ru.
  3526 | D:5      | Found an ancient bone altar of Kikubaaqudgha.
  3569 | D:5      | Found a shadowy altar of Dithmenos.
  3661 | D:5      | Found a glowing golden altar of the Shining One.
  3781 | D:6      | HP: 3/78 [orc warrior/+0 scimitar (13)]
  3781 | D:6      | Mangled by an orc warrior

Illustrated notes

Levels and vault maps discovered:
D:1:      erik_arrival_cave_to_civilisation [erik_arrival_cave_to_hall],
          layout_basic
D:2:      layout_loops_cross, uniq_sigmund
D:3:      layout_rooms, vehumet_crystals, old_standard_altar, first_ration,
          nicolae_gozag_cash_rules_everything_around_me, uniq_robin
D:4:      lemuel_upstairs_altar, layout_cave_pods,
          fedhas_bush_and_centaur_altar, kennysheep_mini_moat
D:5:      layout_cave_pools, marbit_many_paths, lemuel_round_altar, bloody_trog,
          basic_altar
D:6:      layout_cave_pools, nicolae_ashenzari_panopticon, zin_scriptorium,
          lemuel_zombie_altar_yredelemnul, minmay_temple_entry_drinking_statues,
          serial_rivers, chequers_serial_rivers_room_b,
          chequers_serial_rivers_micro_c, chequers_serial_rivers_marsh,
          chequers_serial_rivers_small_a, chequers_serial_rivers_micro_d,
          serial_shops, nicolae_shop_trees, minmay_misc_feat_more_columns,
          uniq_grinder, uniq_maggie

Skill      XL: |  1  2  3  4  5  6  7 |
---------------+----------------------+-----
Unarmed Combat | 1 2 3 4 5 6 |  6.8
Fighting       | 2 3 4 |  4.2
Throwing       | 4 5 |  5.7
Dodging        | |  1.5
Stealth        | |  0.3

Action                   |  1- 3 |  4- 6 |  7- 9 || total
-------------------------+-------+-------+-------++-------
Melee: Unarmed           |   145 |   142 |    61 ||   348
       Punch             |       |     1 |     1 ||     2
Throw: Large rock        |       |     2 |     3 ||     5
       Throwing net      |       |     2 |       ||     2
       Boomerang         |       |       |    39 ||    39
 Stab: Sleeping          |       |     2 |       ||     2
       Held in net/web   |       |     1 |       ||     1
  Eat: Chunk             |    14 |    15 |    11 ||    40
Armor: Robe              |    75 |    45 |    22 ||   142
Dodge: Dodged            |   109 |    63 |    26 ||   198

Table legend:
 A = Non-vault XP
 B = Vault XP
 C = Vault XP percentage of total XP
 D = Non-vault monster count
 E = Vault monster count
 F = Vault count percentage of total count
                 A         B        C        D         E       F
            +---------+---------+-------+---------+---------+-------
      Total |    1288 |     383 |  22.9 |     122 |      13 |   9.6
            +---------+---------+-------+---------+---------+-------
        D:1 |      58 |       0 |   0.0 |      32 |       0 |   0.0
        D:2 |      73 |     238 |  76.5 |      24 |       1 |   4.0
        D:3 |      68 |      35 |  34.0 |      23 |      11 |  32.4
        D:4 |     316 |     110 |  25.8 |      18 |       1 |   5.3
        D:5 |     770 |       0 |   0.0 |      24 |       0 |   0.0
        D:6 |       3 |       0 |   0.0 |       1 |       0 |   0.0
            +---------+---------+-------+---------+---------+-------
